 Dungeon Crawl Stone Soup version 0.23.2-1-ga50397a (webtiles) character file.

Game seed: 1428571634092918235

14914 Gazerockf the Spear-Bearer (level 11, -3/91 HPs)
             Began as a Pale Draconian Fighter on May 24, 2019.
             Was a High Priest of Dithmenos.
             Slain by a death yak (17 damage)
             ... on level 3 of the Lair of Beasts on May 25, 2019.
             The game lasted 01:06:05 (12070 turns).

Gazerockf the Spear-Bearer (DrFi)                  Turns: 12070, Time: 01:06:05

Health: -3/91      AC:  9    Str: 19    XL:     11   Next: 95%
Magic:  11/11      EV: 12    Int: 14    God:    Dithmenos [*****.]
Gold:   668        SH: 21    Dex: 14    Spells: 10/10 levels left

rFire    x x .     SeeInvis .   y - +7 hand axe of Cheese {chop, rF- rN+++ Int+6 Stlth-}
rCold    + . .     Gourm    .   b - +3 shield
rNeg     + + +     Faith    .   (armour unavailable)
rPois    .         Spirit   .   (helmet restricted)
rElec    .         Reflect  +   B - +0 cloak
rCorr    .         Harm     .   q - +0 pair of gloves
MR       .....                  (no boots)
Stlth    ++++......             e - +6 amulet of reflection
HPRegen  0.25/turn              R - ring of ice
MPRegen  0.12/turn              C - ring of flight

@: wreathed by umbra
A: breathe steam, unfitting armour, cold-blooded, AC +7
a: Breathe Steam, Shadow Step, Shadow Form, Renounce Religion, Evoke Flight


You were on level 3 of the Lair of Beasts.
You worshipped Dithmenos.
Dithmenos was extremely pleased with you.
You were not hungry.

You visited 3 branches of the dungeon, and saw 13 of its levels.
You also visited: Sewer and Bailey.

You collected 668 gold pieces.

Inventory:

Hand Weapons
 g - a +3 short sword of protection
 y - the +7 hand axe of Cheese (weapon) {chop, rF- rN+++ Int+6 Stlth-}
   (You found it on level 5 of the Dungeon)

   It inflicts extra damage upon your enemies.
   It affects your intelligence (+6).
   It makes you vulnerable to fire.
   It renders you almost immune to negative energy.
   It makes you less stealthy.
 A - a +1 triple sword of electrocution
 E - the +6 spear "Linerr" {speed, rPois}
   (You found it on level 6 of the Dungeon)

   Attacks with this weapon are significantly faster.
   It protects you from poison.
Missiles
 H - 45 tomahawks of returning (quivered)
Armour
 b - a +3 shield (worn)
 q - a +0 pair of gloves (worn)
 s - the +1 leather armour "Totadd" {Int+5}
   (You found it on level 6 of the Dungeon)

   It affects your intelligence (+5).
 t - a +0 cloak
 B - a +0 cloak (worn)
Jewellery
 e - a +6 amulet of reflection (around neck)
 r - an uncursed ring of ice
 u - an uncursed ring of ice
 z - an uncursed amulet of regeneration
 C - a ring of flight (right hand)
 R - a ring of ice (left hand)
Wands
 j - a wand of paralysis (8)
 N - a wand of polymorph (5)
 O - a wand of random effects (12)
 P - a wand of digging (6)
 Q - a wand of disintegration (4)
Scrolls
 f - 6 scrolls of teleportation
 m - 5 scrolls of remove curse
 o - 3 scrolls of blinking
 v - 2 scrolls of immolation
 F - 5 scrolls of fear
 K - a scroll of magic mapping
 M - 4 scrolls of fog
 S - 2 scrolls of amnesia
Potions
 a - a potion of mutation {unknown}
 c - 2 potions of might
 h - a potion of magic {unknown}
 i - 4 potions of curing
 k - 4 potions of heal wounds {unknown}
 l - a potion of ambrosia {unknown}
 n - a potion of resistance {unknown}
 p - 2 potions of haste {unknown}
 D - 2 potions of flight {unknown}
 T - a potion of brilliance {unknown}
Miscellaneous
 x - a lamp of fire
 I - a phial of floods (inert)
 L - a lightning rod (3/4)
Comestibles
 d - 28 rations


   Skills:
 - Level 6.8 Fighting
 - Level 2.4 Short Blades
 - Level 5.2(9.2) Axes
 - Level 11.5(12.0) Polearms
 - Level 2.6 Dodging
 - Level 8.1 Stealth
 * Level 11.2 Shields


You had 10 spell levels left.
You didn't know any spells.
Your spell library was empty.

Dungeon Overview and Level Annotations

Branches:
Dungeon (9/15)             Temple (1/1) D:4            Lair (3/6) D:9
  Swamp (0/4) Lair:2        Snake (0/4) Lair:2
    Orc: D:9-12

Altars:
Ashenzari
Cheibriados
Dithmenos
Elyvilon
Fedhas
Gozag
Hepliaklqana
Kikubaaqudgha
Makhleb
Nemelex Xobeh
Okawaru
Qazlal
Sif Muna
Trog
Uskayaw
Vehumet
Wu Jian
Xom
Yredelemnul
Zin
The Shining One


Innate Abilities, Weirdness & Mutations

You can breathe blasts of scalding, opaque steam.
Your pale cyan-grey scales are hard. (AC +7)
You cannot fit into any form of body armour.
You are cold-blooded and may be slowed by cold attacks.


Message History

The death yak is moderately wounded.
You hit the death yak but do no damage. You block the death yak's attack. x2
You hit the death yak but do no damage.
The death yak is moderately wounded.
You hit the death yak. You block the death yak's attack. x2
You hit the death yak but do no damage.
The death yak is moderately wounded.
You hit the death yak but do no damage. You block the death yak's attack.
The death yak gores you.
* * * LOW HITPOINT WARNING * * *
You hit the death yak.
Your tail-slap misses the death yak.
The death yak is heavily wounded.
You slash the death yak! The death yak gores you!
* * * LOW HITPOINT WARNING * * *
You block the death yak's attack.
You hit the death yak.
You tail-slap the death yak, but do no damage.
The death yak is heavily wounded.
You hit the death yak but do no damage. The death yak gores you!
You die...

...##.#+#..........
.........$.............
...................... .
..................... ..
#P..##.#..#..........
...#...#..###...........
≈....>.#.....#....<...##
.......##.†..##.<...P###
#..Y@.....#......###.
+...Y#.....##......##.
###........##.....###.
#.........#.....###.
#..#.#+..##.....##..
.....#....#......##..
...... ...............
...... . .............
............


You could see 2 death yaks.

Vanquished Creatures
  A hydra (Lair:3)
  Fannar (Lair:2)
  A two-headed ogre (D:9)
  A death yak (Lair:3)
  2 orc knights (Bailey)
  An oklob plant (Lair:3)
  9 spiny frogs
  4 komodo dragons (Lair:1)
  A shadow (D:9)
  4 yaks
  A human (D:7)
  3 hogs (D:7)
  2 hungry ghosts (D:8)
  Duvessa (D:7)
  4 water moccasins
  5 porcupines
  4 orc warriors
  2 black bears
  3 phantoms
  An ice beast (D:9)
  A necrophage (D:8)
  3 ogres
  4 centaurs
  9 crocodiles
  3 big kobolds
  12 bullfrogs
  Dowan (D:7)
  2 wyvern skeletons
  4 scorpions (D:9)
  3 killer bees (D:8)
  3 howler monkeys
  3 crimson imps
  2 orc priests
  6 hounds
  2 bullfrog skeletons
  A gnoll shaman (D:4)
  8 orc wizards
  An iguana (D:8)
  5 worker ants
  A killer bee zombie (D:7)
  A hound skeleton (D:4)
  13 gnolls
  10 adders
  2 shadow imps
  2 oozes
  An adder skeleton (D:6)
  3 worms
  A dart slug (D:1)
  8 leopard geckos
  26 orcs
  6 ball pythons
  5 bats
  18 giant cockroaches
  8 hobgoblins
  15 jackals
  21 kobolds
  3 quokkas
  10 frilled lizards
  9 goblins
  A jackal skeleton (D:4)
  2 quokka skeletons
  9 rats
299 creatures vanquished.

Vanquished Creatures (others)
  An adder (D:3)
  A goblin (D:3)
  8 kobolds (Bailey)
  A fungus (D:9)
  A plant (Lair:2)
12 creatures vanquished.

Grand Total: 311 creatures vanquished

Notes
Turn   | Place    | Note
-------+----------+-------------------------------------------
     0 | D:1      | Gazerockf the Draconian Fighter began the quest for the
                  | Orb.
     0 | D:1      | Reached XP level 1. HP: 19/19 MP: 1/1
    69 | D:1      | Reached XP level 2. HP: 16/26 MP: 2/2
   509 | D:1      | Reached skill level 1 in Stealth
   803 | D:2      | Found an opulent altar of Gozag.
   845 | D:2      | Reached XP level 3. HP: 22/31 MP: 3/3
   994 | D:2      | Found a sparkling altar of Nemelex Xobeh.
  1018 | D:2      | Noticed a phantom
  1101 | D:2      | Killed a phantom
  1101 | D:2      | Reached XP level 4. HP: 16/38 MP: 4/4
  1345 | D:2      | Reached XP level 5. HP: 37/45 MP: 5/5
  2005 | D:3      | Found a shimmering altar of Xom.
  2005 | D:3      | Noticed an angel
  2006 | D:3      | Found a glowing silver altar of Zin.
  2129 | D:3      | HP: 1/45 [cloud of flame (13)]
  2648 | D:3      | Reached skill level 5 in Stealth
  2869 | D:3      | Reached XP level 6. HP: 50/51 MP: 6/6
  3308 | D:4      | Found a hide-covered altar of Uskayaw.
  3524 | D:4      | Your scales start taking on a pale cyan-grey colour.
  3524 | D:4      | Reached XP level 7. HP: 57/57 MP: 7/7
  3581 | D:4      | Found a radiant altar of Vehumet.
  3870 | D:4      | Found a staircase to the Ecumenical Temple.
  3879 | Temple   | Entered the Ecumenical Temple
  3961 | Temple   | Became a worshipper of Dithmenos the Shadowed
  4191 | D:5      | Entered Level 5 of the Dungeon
  4197 | D:5      | Got an ichor-stained leather armour
  4226 | D:5      | Got an ancient hand axe
  4227 | D:5      | Identified the +7 hand axe of Cheese {chop, rF- rN+++ Int+6
                  | Stlth-} (You found it on level 5 of the Dungeon)
  4228 | D:5      | Identified the +1 leather armour "Irroase" {*Drain rF+
                  | Regen+ Slay+5} (You found it on level 5 of the Dungeon)
  4350 | D:5      | Reached skill level 1 in Axes
  4486 | D:5      | Reached XP level 8. HP: 51/66 MP: 8/8
  4648 | D:5      | Found a glowing drain.
  4652 | Sewer    | Entered a sewer
  4709 | Sewer    | Reached * piety under Dithmenos
  4869 | Sewer    | Reached skill level 5 in Fighting
  5790 | D:6      | Found a snail-covered altar of Cheibriados.
  5830 | D:6      | Reached skill level 5 in Axes
  5846 | D:6      | Found a shattered altar of Ashenzari.
  5851 | D:6      | Got a heavily runed leather armour
  5853 | D:6      | Identified the +1 leather armour "Totadd" {Int+5} (You
                  | found it on level 6 of the Dungeon)
  5929 | D:6      | Got an ichor-stained spear
  5931 | D:6      | Identified the +6 spear "Linerr" {speed, rPois} (You found
                  | it on level 6 of the Dungeon)
  6184 | D:7      | Reached skill level 1 in Polearms
  6295 | D:7      | Reached ** piety under Dithmenos
  6295 | D:7      | Reached XP level 9. HP: 56/78 MP: 9/9
  6316 | D:7      | Reached skill level 5 in Polearms
  6382 | D:7      | Found a glowing golden altar of the Shining One.
  6617 | D:7      | Found a flagged portal.
  6623 | D:7      | Got an ichor-stained hand axe
  6626 | Bailey   | Entered a bailey
  6770 | Bailey   | Noticed an orc knight
  6770 | Bailey   | Noticed an orc knight
  6810 | Bailey   | Killed an orc knight
  6839 | Bailey   | Killed an orc knight
  6839 | Bailey   | Reached XP level 10. HP: 38/84 MP: 10/10
  7196 | D:7      | Identified the cursed +2 hand axe of Annihilation
                  | {antimagic, MP+9 Str+3 Int-2 Dex+6} (You found it on level
                  | 7 of the Dungeon)
  7339 | D:7      | Noticed Dowan
  7340 | D:7      | Noticed Duvessa
  7371 | D:7      | Killed Duvessa
  7377 | D:7      | Killed Dowan
  7734 | D:8      | Reached *** piety under Dithmenos
  7811 | D:8      | Found a glowing golden altar of the Shining One.
  7812 | D:8      | Found an ornate altar of the Wu Jian Council.
  7812 | D:8      | Found a blossoming altar of Fedhas.
  7812 | D:8      | Found an iron altar of Okawaru.
  7812 | D:8      | Found a burning altar of Makhleb.
  8194 | D:8      | Reached skill level 10 in Polearms
  8562 | D:9      | Found a staircase to the Lair.
  9067 | D:9      | Reached **** piety under Dithmenos
  9202 | D:9      | Noticed a two-headed ogre
  9215 | D:9      | Killed a two-headed ogre
  9215 | D:9      | Reached skill level 5 in Shields
  9312 | D:9      | Reached XP level 11. HP: 81/91 MP: 11/11
  9448 | Lair:1   | Entered Level 1 of the Lair of Beasts
 10931 | Lair:2   | Found a staircase to the Snake Pit.
 10931 | Lair:2   | Noticed Fannar
 10955 | Lair:2   | Killed Fannar
 11233 | Lair:2   | Reached skill level 10 in Shields
 11416 | Lair:2   | Found a staircase to the Swamp.
 11792 | Lair:3   | Noticed an oklob plant
 11979 | Lair:3   | Killed an oklob plant
 11979 | Lair:3   | Reached ***** piety under Dithmenos
 12011 | Lair:3   | Noticed a four-headed hydra
 12031 | Lair:3   | Killed a four-headed hydra
 12032 | Lair:3   | Noticed a death yak
 12033 | Lair:3   | Noticed a death yak
 12035 | Lair:3   | Noticed a death yak
 12062 | Lair:3   | Killed a death yak
 12070 | Lair:3   | Slain by a death yak

Skill      XL: |  1  2  3  4  5  6  7  8  9 10 11 |
---------------+----------------------------------+-----
Stealth        | 2 4 5 6 8 |  8.1
Axes           | 2 5 |  5.2
Fighting       | 4 6 |  6.8
Polearms       | 2 8 11 | 11.5
Shields        | 5 11 | 11.2
Short Blades   | |  2.4
Dodging        | |  2.6

Action                   |  1- 3 |  4- 6 |  7- 9 | 10-12 || total
-------------------------+-------+-------+-------+-------++-------
Melee: Rapier            |   120 |    73 |       |       ||   193
       Tailslap          |    16 |    30 |    44 |    97 ||   187
       Short sword       |       |   172 |    89 |     1 ||   262
       Hand axe          |       |       |   169 |    44 ||   213
       Spear             |       |       |   125 |   587 ||   712
       Triple sword      |       |       |       |     3 ||     3
Throw: Tomahawk          |       |       |       |     1 ||     1
 Abil: Breathe Steam     |       |       |     1 |     1 ||     2
       Evoke Flight      |       |       |     1 |     1 ||     2
Evoke: Lightning rod     |       |       |       |     2 ||     2
       Phial of floods   |       |       |       |     1 ||     1
  Use: Scroll            |       |    10 |    12 |     6 ||    28
       Potion            |       |       |     3 |       ||     3
 Stab: Sleeping          |     1 |     9 |     8 |    31 ||    49
       Distracted        |       |     1 |       |     2 ||     3
  Eat: Chunk             |       |     9 |    11 |    15 ||    35
       Ration            |       |       |       |     1 ||     1
Armor: Skin              |    15 |    31 |    63 |    36 ||   145
Dodge: Dodged            |    35 |    33 |    79 |    54 ||   201
Block: Shield            |    87 |   162 |   369 |   202 ||   820
       Reflection        |     3 |     7 |    64 |     7 ||    81
       Other             |       |       |       |     1 ||     1
       Rpst.: Triple sword |       |       |       |     1 ||     1
